 Dungeon Crawl Stone Soup version 0.24-a0-458-gfcb5e6da0e (webtiles) character file.

Game seed: 8452534872346364774

1807 pk666 the Thaumaturge (level 8, 0/41 HPs)
             Began as a Deep Elf Wizard on June 27, 2019.
             Slain by a centaur
             ... wielding a +0 falchion
              (9 damage)
             ... on level 6 of the Dungeon.
             The game lasted 00:17:28 (8180 turns).

pk666 the Thaumaturge (Deep Elf Wizard)             Turns: 8180, Time: 00:17:31

Health: 0/41       AC:  6    Str:  4    XL:     8   Next: 84%
Magic:  3/23       EV: 14    Int: 26    God:
Gold:   374        SH:  0    Dex: 13    Spells: 16/25 levels left

rFire    . . .     SeeInvis .   k - +3 dagger (protect)
rCold    . . .     Gourm    .   (no shield)
rNeg     . . .     Faith    .   w - +2 robe {MR+}
rPois    .         Spirit   .   b - +0 hat
rElec    .         Reflect  .   r - +0 cloak
rCorr    .         Harm     .   A - +0 pair of gloves
MR       +....                  (no boots)
Stlth    ++........             (no amulet)
HPRegen  0.13/turn              (no ring)
MPRegen  0.18/turn              (no ring)

@: very slightly contaminated
A: no striking features
a: no special abilities


You were on level 6 of the Dungeon.
You were not hungry.

You visited 2 branches of the dungeon, and saw 7 of its levels.

You collected 374 gold pieces.

Inventory:

Hand Weapons
 k - a +3 dagger of protection (weapon)
Armour
 b - a +0 hat (worn)
 r - a +0 cloak (worn)
 s - a +0 robe of cold resistance
 w - a +2 robe of magic resistance (worn)
 A - a +0 pair of gloves (worn)
Jewellery
 p - an uncursed ring of wizardry {unknown}
 C - an uncursed ring of wizardry {unknown}
Wands
 v - a wand of polymorph (7)
Scrolls
 a - 3 scrolls of remove curse
 c - 3 scrolls of teleportation
 e - 7 scrolls of identify
 f - 2 scrolls of amnesia
 l - a scroll of noise {unknown}
 m - 2 scrolls of blinking {unknown}
 q - a scroll of random uselessness {unknown}
 x - a scroll of fog
 y - a scroll of magic mapping
Potions
 g - a potion of curing {unknown}
 h - 3 potions of mutation
 i - 2 potions of might {unknown}
 j - 2 potions of agility {unknown}
 n - 3 potions of lignification {unknown}
 o - 2 potions of heal wounds {unknown}
 t - a potion of brilliance {unknown}
 u - 2 potions of degeneration {unknown}
 z - a potion of flight {unknown}
Comestibles
 d - 10 rations
 B - 3 chunks of flesh


   Skills:
 - Level 4.0 Dodging
 - Level 2.4 Stealth
 + Level 9.0 Spellcasting
 + Level 6.6 Conjurations
   Level 1.1 Summonings
 - Level 3.0 Translocations
 + Level 5.7 Fire Magic
 - Level 2.0 Air Magic
 - Level 3.0 Poison Magic


You had 16 spell levels left.
You knew the following spells:

 Your Spells              Type           Power        Failure   Level  Hunger
a - Magic Dart            Conj           ####         1%          1    None
b - Blink                 Tloc           N/A          2%          2    None
c - Conjure Flame         Conj/Fire      #####...     1%          3    None
d - Mephitic Cloud        Conj/Pois/Air  ####....     3%          3    None

Your spell library contained the following spells:

 Spells                   Type           Power        Failure   Level  Hunger
 Call Imp                 Summ           ###.....     4%          2    None
 Slow                     Hex            ##......     8%          2    None


Dungeon Overview and Level Annotations

Branches:
Dungeon (6/15)             Temple (1/1) D:5

Altars:
Ashenzari
Cheibriados
Dithmenos
Elyvilon
Fedhas
Gozag
Hepliaklqana
Kikubaaqudgha
Makhleb
Nemelex Xobeh
Okawaru
Qazlal
Ru
Sif Muna
Trog
Uskayaw
Wu Jian
Xom
Yredelemnul
Zin
The Shining One

Shops:
D:4 (

Annotations:
D:6 Sigmund


Message History

The orc priest is severely wounded.
The centaur is engulfed in noxious fumes.
The centaur appears confused.
The centaur grins madly.
The centaur unwields a +0 shortbow.
The centaur wields a +0 falchion.
The centaur hits the orc priest with a +0 falchion!
The orc priest is killed!
Casting: Magic Dart (safe; 1% risk of failure)
Confirm with . or Enter, or press ? or * to list all spells.
Aiming: Magic Dart (safe; 1% risk of failure)
Press: ? - help, Shift-Dir - straight line, f/p - centaur
Aim: a centaur, wielding a +0 falchion (noxious fumes, heavily wounded, confused)
The magic dart hits the centaur.
The centaur is severely wounded.
The centaur is engulfed in noxious fumes.
The centaur appears confused.
The centaur is engulfed in noxious fumes.
The centaur appears confused.
The centaur hits you with a +0 falchion!
You die...

#...#.@.##...##.........
#...#...##...##.......# .
#...#........c........# ..
#...#.................#...#.. .
#...#....(..o...(.....##.....#
#...#.................##.....#..#
...............###..####.....#...
#......##########(####.....#.##
#......##.....@...°.##.....#...
#......##....°c○....##.....####
#......##....○○○....##.....'...
#..........÷.☼☼○....#......#...
#...........................(..
####.......................##..
.........†##########..##...#...
...........# .........#...#...
#..........# .........#...#...


You could see a centaur (confused).

Vanquished Creatures
  Edmund (D:5)
  An ice beast (D:5)
  A phantom (D:4)
  4 ogres (D:4)
  2 centaurs
  Blork the orc (D:5)
  4 big kobolds (D:4)
  A howler monkey (D:4)
  3 crimson imps (D:5)
  2 bullfrog zombies
  An orc priest (D:6)
  4 bullfrog skeletons
  An iguana (D:6)
  2 worker ants (D:4)
  3 gnolls (D:4)
  6 adders
  A shadow imp (D:5)
  An ooze (D:1)
  4 worms
  4 dart slugs
  3 leopard geckos
  6 orcs
  8 giant cockroaches
  5 goblins
  12 hobgoblins
  8 jackals
  3 quokkas
  8 bats
  5 frilled lizards
  48 kobolds
  A quokka skeleton (D:4)
  10 rats
164 creatures vanquished.

Notes
Turn   | Place    | Note
-------+----------+-------------------------------------------
     0 | D:1      | pk666 the Deep Elf Wizard began the quest for the Orb.
     0 | D:1      | Reached XP level 1. HP: 10/10 MP: 7/7
   247 | D:1      | Reached XP level 2. HP: 15/15 MP: 6/9
   645 | D:1      | Reached XP level 3. HP: 19/19 MP: 3/11
   665 | D:1      | Reached skill level 5 in Spellcasting
  1644 | D:2      | Reached XP level 4. HP: 24/24 MP: 3/13
  1772 | D:2      | Found a blossoming altar of Fedhas.
  2692 | D:3      | Learned a level 2 spell: Blink
  2696 | D:3      | Learned a level 3 spell: Conjure Flame
  2700 | D:3      | Learned a level 3 spell: Mephitic Cloud
  3235 | D:3      | Reached XP level 5. HP: 28/28 MP: 5/15
  3467 | D:4      | Noticed an ogre
  3474 | D:4      | Killed an ogre
  3474 | D:4      | Reached skill level 1 in Fire Magic
  3474 | D:4      | Reached skill level 1 in Air Magic
  3474 | D:4      | Reached skill level 1 in Poison Magic
  3642 | D:4      | Noticed an ogre
  3660 | D:4      | Killed an ogre
  3660 | D:4      | Reached skill level 6 in Spellcasting
  3660 | D:4      | Reached XP level 6. HP: 32/32 MP: 2/17
  4254 | D:4      | Found Niryq's Antique Weapon Shoppe.
  4442 | D:4      | Reached XP level 7. HP: 36/36 MP: 10/18
  5149 | D:4      | Reached skill level 7 in Spellcasting
  5583 | D:4      | Reached skill level 5 in Conjurations
  5697 | D:4      | Found a snail-covered altar of Cheibriados.
  5889 | D:4      | Reached XP level 8. HP: 41/41 MP: 8/21
  6167 | D:5      | Entered Level 5 of the Dungeon
  6374 | D:5      | Reached skill level 8 in Spellcasting
  6488 | D:5      | Noticed Edmund
  6488 | D:5      | Noticed Blork the orc
  6512 | D:5      | Killed Blork the orc
  6633 | D:5      | Killed Edmund
  6633 | D:5      | Reached skill level 5 in Fire Magic
  6724 | D:5      | Found a staircase to the Ecumenical Temple.
  6777 | Temple   | Entered the Ecumenical Temple
  7785 | D:6      | Found a shimmering altar of Xom.
  8087 | D:6      | Reached skill level 9 in Spellcasting
  8147 | D:6      | Noticed Sigmund
  8180 | D:6      | Slain by a centaur

Levels and vault maps discovered:
D:1:      giann_wishing_wells, layout_basic, due_unseen_surprise
D:2:      layout_loops_corners, corexii_leaking_fountain, fedhas_altar_2
D:3:      layout_rooms, first_ration, minmay_statues_item, minmay_quantized
D:4:      minmay_goblin_kobold_castle, layout_loops_cross, serial_shops,
          nicolae_shop_overgrown_old_shop, minivault_4, minivault_1,
          kennysheep_slug_shrine
D:5:      layout_basic, minmay_temple_entry_statues_fountains,
          chequers_serial_rivers_micro_c, uniq_blork_the_orc, uniq_edmund
D:6:      layout_basic, xom_teletrap_fun, uniq_sigmund
Temple:   dpeg_three_leaves_temple

Skill      XL: |  1  2  3  4  5  6  7  8 |
---------------+-------------------------+-----
Dodging        | 3 4 |  4.0
Conjurations   | 2 3 4 5 6 |  6.6
Spellcasting   | 5 6 7 9 |  9.0
Fire Magic     | 1 2 3 5 |  5.7
Air Magic      | 1 2 |  2.0
Poison Magic   | 1 2 3 |  3.0
Translocations | 2 3 |  3.0
Stealth        | |  2.4
Summonings     | |  1.1

Action                   |  1- 3 |  4- 6 |  7- 9 || total
-------------------------+-------+-------+-------++-------
Melee: Dagger            |       |     4 |     2 ||     6
 Cast: Magic Dart        |    99 |   162 |   260 ||   521
       Conjure Flame     |       |     8 |    12 ||    20
       Mephitic Cloud    |       |     3 |    13 ||    16
  Use: Scroll            |       |     7 |       ||     7
 Stab: Confused          |       |       |     1 ||     1
  Eat: Chunk             |     2 |     6 |     7 ||    15
       Ration            |       |     1 |     1 ||     2
Armor: Robe              |     1 |     4 |    12 ||    17
Dodge: Dodged            |     6 |    21 |    36 ||    63

Table legend:
 A = Non-vault XP
 B = Vault XP
 C = Vault XP percentage of total XP
 D = Non-vault monster count
 E = Vault monster count
 F = Vault count percentage of total count
                 A         B        C        D         E       F
            +---------+---------+-------+---------+---------+-------
      Total |    1801 |     781 |  30.2 |     109 |      55 |  33.5
            +---------+---------+-------+---------+---------+-------
        D:1 |      63 |       0 |   0.0 |      33 |       0 |   0.0
        D:2 |      61 |       0 |   0.0 |      21 |       0 |   0.0
        D:3 |      63 |      12 |  16.0 |      17 |       6 |  26.1
        D:4 |     803 |     504 |  38.6 |      18 |      47 |  72.3
        D:5 |     536 |     265 |  33.1 |      13 |       2 |  13.3
        D:6 |     275 |       0 |   0.0 |       7 |       0 |   0.0
            +---------+---------+-------+---------+---------+-------
